 Dungeon Crawl Stone Soup version 0.27-a0-1136-g0b992a5a9d (webtiles) character file.

Game seed: 2100514322520520985

92 Mesmaeker13 the Caller (level 4, -6/24 HPs)
             Began as a Tengu Summoner on May 5, 2021.
             Mangled by a water moccasin zombie (8 damage)
             ... on level 3 of the Dungeon.
             The game lasted 00:04:20 (3452 turns).

Mesmaeker13 the Caller (Tengu Summoner)             Turns: 3452, Time: 00:04:21

Health: -6/24      AC:  3    Str:  8    XL:     4   Next: 60%
Magic:  5/9        EV: 10    Int: 16    God:
Gold:   172        SH:  0    Dex: 15    Spells: 3/9 levels left

rFire    . . .     SeeInvis .   e - +0 short sword
rCold    . . .     Faith    .   (no shield)
rNeg     . . .     Spirit   .   a - +0 robe
rPois    .         Reflect  .   (helmet restricted)
rElec    .         Harm     .   c - +0 cloak
rCorr    .         Rampage  .   (no gloves)
Will     .....                  (boots unavailable)
Stlth    ++........             (no amulet)
HPRegen  0.08/turn              (no ring)
MPRegen  0.11/turn              (no ring)

@: constricted
A: beak, talons 3
a: no special abilities


You were on level 3 of the Dungeon.
You visited 1 branch of the dungeon, and saw 3 of its levels.

You collected 172 gold pieces.

Inventory:

Hand Weapons
 e - a +0 short sword (weapon)
Armour
 a - a +0 robe (worn)
 c - a +0 cloak (worn)
Scrolls
 f - 2 scrolls of amnesia {unknown}
 h - a scroll of magic mapping {unknown}
 i - a scroll of vulnerability {unknown}
Potions
 b - a potion of flight {unknown}
 d - a potion of attraction {unknown}
 g - a potion of haste {unknown}
 j - 2 potions of curing {unknown}


   Skills:
 + Level 3.3 Dodging
 - Level 2.0 Stealth
 + Level 3.0 Spellcasting
 + Level 5.7 Summonings


You had 3 spell levels left.
You knew the following spells:

 Your Spells              Type           Power      Damage    Failure   Level
a - Summon Small Mammal   Summ           80%        N/A       1%          1
b - Call Imp              Summ           20%        N/A       2%          2
c - Call Canine Familiar  Summ           20%        N/A       5%          3

Your spell library contained the following spells:

 Spells                   Type           Power      Damage    Failure   Level
 Summon Guardian Golem    Hex/Summ       11%        N/A       17%         3
 Summon Ice Beast         Ice/Summ       11%        N/A       50%         4
 Summon Lightning Spire   Summ/Air       11%        N/A       50%         4


Dungeon Overview and Level Annotations

Branches:
Dungeon (3/15)

Altars:

Shops:
D:1 *


Innate Abilities, Weirdness & Mutations

You have a beak for a mouth.
You have claws for feet.


Message History

You hit the giant cockroach but do no damage.
Your peck misses the giant cockroach.
The giant cockroach is almost dead.
Your hound bites the water moccasin zombie.
The water moccasin zombie bites your crimson imp.
The giant cockroach bites you. The ball python bites you.
The ball python constricts you.
Your crimson imp hits the water moccasin zombie.
Your hound closely misses the water moccasin zombie.
You hit the giant cockroach.
You kill the giant cockroach!
The ball python misses you. The ball python constricts you.
Your crimson imp hits the water moccasin zombie.
The water moccasin zombie barely misses you.
Your hound closely misses the water moccasin zombie.
Unknown command.
You hit the water moccasin zombie.
Your kick misses the water moccasin zombie.
The water moccasin zombie is moderately damaged.
The ball python bites you but does no damage.
The ball python constricts you.
Your hound barely misses the water moccasin zombie.
Your crimson imp hits the water moccasin zombie.
The water moccasin zombie bites you. The ball python closely misses you.
The ball python constricts you.
You hit the water moccasin zombie.
The water moccasin zombie is heavily damaged.
Your crimson imp disappears in a puff of smoke!
Your hound closely misses the water moccasin zombie.
The water moccasin zombie bites you.
The ball python bites you but does no damage.
The ball python constricts you.
Your hound closely misses the water moccasin zombie.
The ball python's grasp on you weakens, but your attempt to escape fails.
The water moccasin zombie bites you!
* * * LOW HITPOINT WARNING * * *
Your hound barely misses the water moccasin zombie.
The ball python barely misses you. The ball python constricts you.
The water moccasin zombie bites you!
You die...

#... #..##
#....#...# ####
...#...# ###..#
.....## ....##
#....# ..###
#....# .# #.#
...####.h†.#...#
#.#
......†SZ§††....
#.#
########@#######
### #.# ..#
##..#.# #.# #.#
..# #.....# #.#
#.# #.>###.#####
#.#
#.#######...##.#
#.#
..........#.##.#
#.#
##......<...##.#
#.#
#..#####.#.##.#
#######.#
##..####.....#.#
#.......#


You could see a water moccasin zombie (ally target), a ball python and a
friendly hound (summoned).

Vanquished Creatures
  An adder (D:3)
  An adder skeleton (D:2)
  A ball python (D:1)
  2 giant cockroaches (D:3)
  3 goblins
  3 hobgoblins
  A quokka (D:1)
  A bat (D:1)
  A frilled lizard (D:3)
  3 kobolds (D:1)
  2 rats (D:2)
19 creatures vanquished.

Vanquished Creatures (collateral kills)
  3 gnolls (D:3)
  4 adders
  2 dart slugs
  7 ball pythons
  5 bats
  5 endoplasms
  4 goblins
  2 hobgoblins
  3 jackals (D:2)
  3 quokkas
  A frilled lizard (D:3)
  3 kobolds
  3 rats (D:1)
45 creatures vanquished.

Grand Total: 64 creatures vanquished

Notes
Turn   | Place    | Note
-------+----------+-------------------------------------------
     0 | D:1      | Mesmaeker13 the Tengu Summoner began the quest for the Orb.
     0 | D:1      | Reached XP level 1. HP: 10/10 MP: 4/4
    76 | D:1      | Found Jochaap's Assorted Antiques.
   126 | D:1      | Found a faded altar of an unknown god.
   799 | D:1      | Reached skill level 5 in Summonings
   828 | D:1      | Reached XP level 2. HP: 14/15 MP: 3/6
  1508 | D:2      | Learned a level 2 spell: Call Imp
  1846 | D:2      | Reached XP level 3. HP: 19/19 MP: 4/7
  3039 | D:3      | Reached XP level 4. HP: 24/24 MP: 4/9
  3167 | D:3      | Learned a level 3 spell: Call Canine Familiar
  3452 | D:3      | Mangled by a water moccasin zombie

Illustrated notes

Levels and vault maps discovered:
D:1:      dpeg_arrival_simpleton_b, layout_rooms,
          hellmonk_ecumenical_altar_pennies_from_heaven, serial_shops, shop
D:2:      layout_basic, minmay_pentomino_v2
D:3:      minmay_recursive_quarters, layout_loops_ring

Skill      XL: |  1  2  3  4 |
---------------+-------------+-----
Summonings     | 5 |  5.7
Dodging        | 3 |  3.3
Spellcasting   | 3 |  3.0
Stealth        | |  2.0

Action                   |  1- 3 |  4- 6 || total
-------------------------+-------+-------++-------
Melee: Unarmed           |    33 |       ||    33
       Kick              |    11 |     1 ||    12
       Peck              |     5 |     1 ||     6
       Short sword       |    12 |    15 ||    27
 Cast: Summon Small Mamm |    36 |       ||    36
       Call Imp          |    24 |     8 ||    32
       Call Canine Famil |       |     1 ||     1
 Stab: Distracted        |     1 |       ||     1
       Sleeping          |       |     1 ||     1
Armor: Robe              |    10 |     3 ||    13
Dodge: Dodged            |    30 |    18 ||    48

Table legend: (Time is in decaauts)
 A = Elapsed time spent in this place.
 B = Non-inter-level travel time spent in this place.
 C = Inter-level travel time spent in this place.
 D = Time resting spent in this place.
 E = Time spent auto-exploring this place.
 F = Levels seen in this place.
 G = Mean time per level.
                   A        B        C        D        E       F      G
               +--------+--------+--------+--------+--------+-----+--------+
         Total |   3456 |   3293 |    163 |    720 |   2017 |   3 | 1152.0 |
       Dungeon |   3456 |   3293 |    163 |    720 |   2017 |   3 | 1152.0 |
               +--------+--------+--------+--------+--------+-----+--------+

Top non-repeatable levels by time:
     D:2: 1489 daAuts
     D:1: 1462 daAuts
     D:3: 504 daAuts
